 Dungeon Crawl Stone Soup version 0.28-a0-1629-gf728b707aa (webtiles) character file.

Game seed: 12029009514941797989

1026 dolemite99 the Protected (level 8, -3/67 HPs)
             Began as a Gnoll Wanderer on Jan 25, 2022.
             Was a High Priest of Ignis.
             Slain by an iguana (10 damage)
             ... on level 5 of the Dungeon.
             The game lasted 00:06:46 (5464 turns).

dolemite99 the Protected (Gnoll Wanderer)           Turns: 5464, Time: 00:06:46

Health: -3/67      AC: 15    Str: 17    XL:     8   Next: 23%
Magic:  12/12      EV: 10    Int:  8    God:    Ignis [*****.]
Gold:   177        SH:  0    Dex: 12    Spells: 11/13 levels left

rFire   + . .      SeeInvis .   a - +1 falchion
rCold   . . .      Faith    .   (no shield)
rNeg    . . .      Spirit   .   b - +2 scale mail
rPois   .          Reflect  .   m - +0 helmet
rElec   .          Harm     .   g - +1 cloak
rCorr   .          Rampage  .   (no gloves)
Will    .....                   y - +0 pair of boots
Stlth   +.........              (no amulet)
HPRegen 0.21/turn               (no ring)
MPRegen 0.13/turn               (no ring)

@: no status effects
A: fangs 1, strong nose, distributed training
a: Renounce Religion, Fiery Armour, Foxfire Swarm, Rising Flame


You were on level 5 of the Dungeon.
You worshipped Ignis.
Ignis was extremely pleased with you.
You visited 1 branch of the dungeon, and saw 5 of its levels.

You collected 310 gold pieces.
You spent 133 gold pieces at shops.

Inventory:

Hand Weapons
 a - a +1 falchion (weapon)
 e - a +0 vorpal spear
 l - a +0 vampiric dagger
 s - a +0 shortbow
Missiles
 d - 79 bolts
 h - 128 stones (quivered)
 k - 91 arrows
 r - 4 poisoned darts
 t - 4 boomerangs
Armour
 b - a +2 scale mail (worn)
 g - a +1 cloak (worn)
 m - a +0 helmet (worn)
 y - a +0 pair of boots (worn)
Jewellery
 f - an amulet of faith
 q - a +6 ring of intelligence
Wands
 j - a wand of paralysis (3)
 o - a wand of flame (7)
 v - a wand of acid (2)
 w - a wand of mindburst (16)
Scrolls
 i - a scroll of amnesia
 n - 3 scrolls of teleportation
 x - a scroll of brand weapon {unknown}
 B - a scroll of identify {@r1}
Potions
 c - a potion of mutation {unknown}
 p - 3 potions of curing
 u - a potion of cancellation {unknown}
 z - a potion of might
 A - a potion of ambrosia {unknown}


   Skills:
 + Level 7.3 Fighting
 + Level 3.1 Short Blades
 + Level 5.5 Long Blades
 + Level 3.1 Axes
 + Level 3.1 Maces & Flails
 + Level 3.1 Polearms
 + Level 3.1 Staves
 + Level 3.1 Slings
 + Level 3.1 Bows
 + Level 3.1 Crossbows
 + Level 3.1 Throwing
 + Level 9.1 Armour
 + Level 3.1 Dodging
 + Level 3.1 Stealth
 + Level 3.1 Shields
 + Level 3.1 Unarmed Combat
 + Level 3.1 Spellcasting
 + Level 2.5 Conjurations
 + Level 2.5 Hexes
 + Level 2.5 Summonings
 + Level 2.5 Necromancy
 + Level 2.5 Translocations
 + Level 2.5 Transmutations
 + Level 2.5 Fire Magic
 + Level 2.5 Ice Magic
 + Level 2.5 Air Magic
 + Level 2.5 Earth Magic
 + Level 2.5 Poison Magic
 + Level 3.4 Invocations
 + Level 4.0 Evocations


You had 11 spell levels left.
You knew the following spells:

 Your Spells              Type           Power      Damage    Failure   Level
a - Blink                 Tloc           10%        N/A       43%         2

Your spell library contained the following spells:

 Spells                   Type           Power      Damage    Failure   Level
 Animate Skeleton         Necr           10%        N/A       32%         1
 Pain                     Necr           20%        1d5       32%         1
 Lesser Beckoning         Tloc           5%         N/A       67%         3
 Vampiric Draining        Necr           5%         2d6       67%         3
 Manifold Assault         Tloc           5%         N/A       100%        5


Dungeon Overview and Level Annotations

Branches:
Dungeon (5/15)             Temple (0/1) D:5

Altars:
Ashenzari
Ignis

Shops:
D:2 [   D:4 *


Innate Abilities, Weirdness & Mutations

You have very sharp teeth.
Your uncanny sense of smell can sniff out nearby items.
Your experience applies equally to all skills.


Message History

The ogre is moderately wounded.
The iguana bites you but does no damage.
You slash the ogre!
The ogre is severely wounded.
The ogre barely misses you. The iguana bites you.
You hit the ogre.
The ogre is almost dead.
The ogre barely misses you. The iguana closely misses you.
You hit the ogre. You bite the ogre.
The ogre is almost dead.
The ogre hits you with a +0 giant club!
* * * LOW HITPOINT WARNING * * *
The iguana bites you!
* * * LOW HITPOINT WARNING * * *
You hit the ogre.
You kill the ogre!
The iguana closely misses you.
You closely miss the iguana.
The iguana is severely wounded.
The iguana closely misses you.
You closely miss the iguana.
The iguana is severely wounded.
The iguana barely misses you.
You closely miss the iguana.
The iguana is severely wounded.
The iguana barely misses you.
You hit the iguana.
The iguana is severely wounded.
The iguana bites you but does no damage.
You hit the iguana.
The iguana is almost dead.
The iguana bites you.
* * * LOW HITPOINT WARNING * * *
You hit the iguana but do no damage.
The iguana is almost dead.
The iguana bites you but does no damage.
You barely miss the iguana.
The iguana is almost dead.
The iguana bites you!
You die...

#.#
#.#...#).#
≈≈§### #.#
#.##.##.##
≈§≈≈§
#..#.#..#
§≈≈§§
#.#.#.##
≈≈≈§
#.#.#.##
####
#####.#'#..#
...........#
...:..)....#
......l@..##
.........##
.........#
.........#
.........#
.........#
.........#
#'#'####..


You could see an iguana.

Vanquished Creatures
  A sky beast (D:5)
  A black bear (D:5)
  2 ogres (D:5)
  3 centaurs
  A scorpion (D:4)
  A hound (D:2)
  2 bullfrog skeletons
  2 jellies (D:4)
  Ijyb (D:4)
  Robin (D:3)
  5 adders
  4 gnolls (D:2)
  A howler monkey skeleton (D:4)
  2 adder skeletons (D:4)
  A worm (D:2)
  2 dart slugs (D:1)
  5 orcs
  10 endoplasms
  A giant cockroach (D:1)
  12 goblins
  5 hobgoblins
  3 quokkas
  9 ball pythons
  A bat (D:2)
  2 frilled lizards (D:2)
  9 kobolds
  5 rats
92 creatures vanquished.

Vanquished Creatures (collateral kills)
  An adder (D:2)
1 creature vanquished.

Grand Total: 93 creatures vanquished

Notes
Turn   | Place    | Note
-------+----------+-------------------------------------------
     0 | D:1      | dolemite99 the Gnoll Wanderer began the quest for the Orb.
     0 | D:1      | dolemite99 set off with the following items: a +0 falchion,
                  | a +2 scale mail, a potion of lignification
     0 | D:1      | Reached XP level 1. HP: 23/23 MP: 1/1
   104 | D:1      | Reached XP level 2. HP: 28/29 MP: 2/2
   646 | D:1      | Found a faded altar of an unknown god.
   669 | D:1      | Prayed at the altar of an unknown god.
   669 | D:1      | Became a worshipper of Ignis, the Dying Flame
   728 | D:1      | Reached XP level 3. HP: 33/35 MP: 3/3
  1029 | D:2      | Reached skill level 1 in Invocations
  1074 | D:2      | Reached skill level 1 in Short Blades
  1074 | D:2      | Reached skill level 1 in Axes
  1074 | D:2      | Reached skill level 1 in Maces & Flails
  1074 | D:2      | Reached skill level 1 in Polearms
  1074 | D:2      | Reached skill level 1 in Staves
  1074 | D:2      | Reached skill level 1 in Slings
  1074 | D:2      | Reached skill level 1 in Bows
  1074 | D:2      | Reached skill level 1 in Crossbows
  1074 | D:2      | Reached skill level 1 in Throwing
  1074 | D:2      | Reached skill level 1 in Dodging
  1074 | D:2      | Reached skill level 1 in Stealth
  1074 | D:2      | Reached skill level 1 in Shields
  1074 | D:2      | Reached skill level 1 in Unarmed Combat
  1074 | D:2      | Reached skill level 1 in Spellcasting
  1074 | D:2      | Reached XP level 4. HP: 32/41 MP: 5/5
  1084 | D:2      | HP: 2/41 [ball python (3)]
  1111 | D:2      | Reached skill level 1 in Conjurations
  1111 | D:2      | Reached skill level 1 in Hexes
  1111 | D:2      | Reached skill level 1 in Summonings
  1111 | D:2      | Reached skill level 1 in Necromancy
  1111 | D:2      | Reached skill level 1 in Translocations
  1111 | D:2      | Reached skill level 1 in Transmutations
  1111 | D:2      | Reached skill level 1 in Fire Magic
  1111 | D:2      | Reached skill level 1 in Ice Magic
  1111 | D:2      | Reached skill level 1 in Air Magic
  1111 | D:2      | Reached skill level 1 in Earth Magic
  1111 | D:2      | Reached skill level 1 in Poison Magic
  1136 | D:2      | Reached XP level 5. HP: 17/47 MP: 6/6
  1638 | D:2      | Found Zaerghio's Armour Emporium.
  2496 | D:3      | Noticed Robin
  2531 | D:3      | Killed Robin
  3021 | D:4      | Reached XP level 6. HP: 50/53 MP: 8/8
  3058 | D:4      | Found Bocaub's General Store.
  3082 | D:4      | Bought a wand of paralysis (3) for 70 gold pieces
  3082 | D:4      | Bought a wand of flame (7) for 63 gold pieces
  3306 | D:4      | Learned a level 2 spell: Blink
  3504 | D:4      | Reached skill level 5 in Long Blades
  4039 | D:4      | Noticed Ijyb
  4051 | D:4      | Killed Ijyb
  4052 | D:4      | Reached XP level 7. HP: 52/59 MP: 10/10
  4267 | D:5      | Entered Level 5 of the Dungeon
  4911 | D:5      | Reached skill level 9 in Armour
  5212 | D:5      | Found a broken altar of Ashenzari.
  5271 | D:5      | Reached XP level 8. HP: 55/67 MP: 12/12
  5385 | D:5      | Found a staircase to the Ecumenical Temple.
  5464 | D:5      | Slain by an iguana

Illustrated notes

Levels and vault maps discovered:
D:1:      dpeg_arrival_pits, layout_loops_corners, ebering_ecumenical_altar_mist
D:2:      layout_rooms, serial_shops, nicolae_shop_hallway_stairs
D:3:      layout_loops_corners, uniq_robin
D:4:      layout_cave_pools, serial_shops, shop_coins, hangedman_decor_opposing,
          uniq_ijyb
D:5:      layout_basic, mainiacjoe_overflow_surrounded_room,
          minmay_temple_entry_poolview, serial_shops, nicolae_shop_stone

Skill      XL: |  1  2  3  4  5  6  7  8 |
---------------+-------------------------+-----
Invocations    | 1 2 3 |  3.4
Short Blades   | 1 2 3 |  3.1
Axes           | 1 2 3 |  3.1
Maces & Flails | 1 2 3 |  3.1
Polearms       | 1 2 3 |  3.1
Staves         | 1 2 3 |  3.1
Slings         | 1 2 3 |  3.1
Bows           | 1 2 3 |  3.1
Crossbows      | 1 2 3 |  3.1
Throwing       | 1 2 3 |  3.1
Dodging        | 1 2 3 |  3.1
Stealth        | 1 2 3 |  3.1
Shields        | 1 2 3 |  3.1
Unarmed Combat | 1 2 3 |  3.1
Spellcasting   | 1 2 3 |  3.1
Conjurations   | 1 2 |  2.5
Hexes          | 1 2 |  2.5
Summonings     | 1 2 |  2.5
Necromancy     | 1 2 |  2.5
Translocations | 1 2 |  2.5
Transmutations | 1 2 |  2.5
Fire Magic     | 1 2 |  2.5
Ice Magic      | 1 2 |  2.5
Air Magic      | 1 2 |  2.5
Earth Magic    | 1 2 |  2.5
Poison Magic   | 1 2 |  2.5
Evocations     | 3 4 |  4.0
Long Blades    | 5 |  5.5
Fighting       | 7 |  7.3
Armour         | 9 |  9.1

Action                   |  1- 3 |  4- 6 |  7- 9 || total
-------------------------+-------+-------+-------++-------
Melee: Falchion          |    75 |   183 |    71 ||   329
       Bite              |     8 |    20 |     9 ||    37
       Punch             |       |     4 |     1 ||     5
Throw: Stone             |    26 |    21 |     6 ||    53
  Use: Scroll            |     6 |     4 |     2 ||    12
       Potion            |       |     2 |       ||     2
Armor: Scale mail        |    36 |   127 |    55 ||   218
       Skin              |       |    24 |       ||    24
Dodge: Dodged            |    37 |   113 |    44 ||   194

Table legend: (Time is in decaauts)
 A = Elapsed time spent in this place.
 B = Non-inter-level travel time spent in this place.
 C = Inter-level travel time spent in this place.
 D = Time resting spent in this place.
 E = Time spent auto-exploring this place.
 F = Levels seen in this place.
 G = Mean time per level.
                   A        B        C        D        E       F      G
               +--------+--------+--------+--------+--------+-----+--------+
         Total |   5488 |   5299 |    189 |   1283 |   2874 |   5 | 1097.6 |
       Dungeon |   5488 |   5299 |    189 |   1283 |   2874 |   5 | 1097.6 |
               +--------+--------+--------+--------+--------+-----+--------+

Top non-repeatable levels by time:
     D:1: 1231 daAuts
     D:5: 1199 daAuts
     D:3: 1134 daAuts
     D:4: 1098 daAuts
     D:2: 823 daAuts
